 Dungeon Crawl Stone Soup version 0.30-a0-187-gd9c2deaf24 (webtiles) character file.

Game seed: 13193199790967468516

31 Flugkiller the Sneak (level 3, -5/30 HPs)
             Began as a Mummy Delver on Oct 3, 2022.
             Slain by Natasha (8 damage)
             ... on level 2 of the Dungeon.
             The game lasted 00:01:41 (1092 turns).

Flugkiller the Sneak (Mummy Delver)                 Turns: 1092, Time: 00:01:42

Health: -5/30      AC:  3    Str: 15    XL:     3   Next: 7%
Magic:  3/3        EV: 15    Int:  9    God:
Gold:   88         SH:  0    Dex: 15    Spells: 2/2 levels left

rFire   x . .      SeeInvis .    d - +0 dagger (venom)
rCold   + . .      Faith    +    (no shield)
rNeg    + + +      Spirit   .    b - +0 leather armour
rPois   ∞          Reflect  .    (no helmet)
rElec   .          Harm     .    (no cloak)
rCorr   .          Rampage  .    (no gloves)
Will    .....                    (no boots)
Stlth   ++........               e - amulet of the acrobat
HPRegen 0.25/turn                v - +4 ring of evasion
MPRegen 0.08/turn                (no ring)

@: slowed, very slow
A: cold resistance 1, negative energy resistance 3, torment resistance 2, heat
vulnerability 1, in touch with death 1, no potions, faith
a: no special abilities


You were on level 2 of the Dungeon.
You visited 1 branch of the dungeon, and saw 5 of its levels.

You collected 88 gold pieces.

Inventory:

Hand Weapons
 a - a +0 falchion
 d - a +0 dagger of venom (weapon)
   (You took it off a goblin on level 1 of the Dungeon)
Missiles
 g - 2 poisoned darts (quivered)
Armour
 b - a +0 leather armour (worn)
Jewellery
 e - an amulet of the acrobat (around neck)
   (You found it on level 1 of the Dungeon)
 v - a +4 ring of evasion (left hand)
   (You found it on level 1 of the Dungeon)
Wands
 f - a wand of digging (3)
Scrolls
 c - a scroll of fog
 j - a scroll of amnesia {unknown}
 r - a scroll of identify
 t - a scroll of teleportation


   Skills:
 + Level 4.0 Fighting
 - Level 1.9 Long Blades
 - Level 1.5 Dodging
 - Level 4.1 Stealth


You had 2 spell levels left.
You didn't know any spells.
Your spell library contained the following spells:

 Spells                   Type           Power      Damage    Failure   Level
 Gell's Gravitas          Tloc           0%         N/A       83%         3
 Lesser Beckoning         Tloc           0%         N/A       83%         3
 Teleport Other           Tloc           0%         N/A       83%         3


Dungeon Overview and Level Annotations

Branches:
Dungeon (5/15) Zot: 26103  Temple (0/1) D:5

Altars:
Cheibriados
Dithmenos
Fedhas
Kikubaaqudgha
Makhleb
Xom
Yredelemnul

Annotations:
D:2 Natasha


Innate Abilities, Weirdness & Mutations

You are immune to poison.
Your flesh is cold resistant. (rC+)
You are immune to negative energy. (rN+++)
You are immune to unholy pain and torment.
You are vulnerable to heat. (rF-)
You are in touch with the powers of death.
You do not drink.
You have a special connection with the divine. (Faith)


Message History

Increase (S)trength, (I)ntelligence, or (D)exterity?
You feel agile. x2
You feel more in touch with the powers of death.
You see here a giant cockroach corpse.
An endoplasm comes into view.
Found 7 gold pieces.
An endoplasm is nearby!
An endoplasm is nearby!
You see here 7 gold pieces.
The helpless endoplasm fails to defend itself.
You puncture the endoplasm!
You kill the endoplasm!
Your Fighting skill increases to level 4!
No target in view!
No target in view!
No target in view!
No target in view!
You now have 80 gold pieces (gained 7).
Found a staircase leading out of the dungeon.
Found a ring mail.
A frilled lizard comes into view.
Found a scroll labelled QUATHR PIDDIU.
The helpless frilled lizard fails to defend itself.
You impale the frilled lizard!!
You kill the frilled lizard!
No target in view!
No target in view!
No target in view!
i - a scroll labelled QUATHR PIDDIU You see here a +0 ring mail.
Found a glowing purple potion.
Done exploring.
No target in view!
No target in view!
No target in view!
No target in view!
No target in view!
Done exploring.
Done exploring.
Done exploring.
(D) Dungeon (T) Temple
Where to? (Enter - D:4 @ (x,y), ? - help)
You see here a glowing purple potion.
You see here a +0 whip.
There is a stone staircase leading down here.
You climb downwards.
Found a leather armour and 8 gold pieces.
There is a stone staircase leading up here.
A bat comes into view.
The bat completely misses you.
A bat is nearby!
A bat is nearby!
The bat completely misses you.
You hit the bat.
You kill the bat!
No target in view!
No target in view!
No target in view!
No target in view!
You now have 88 gold pieces (gained 8).
j - a scroll labelled ISUHIY PER GAGH
Found a stone staircase leading down.
Natasha, Servant of Life and Death comes into view.
She is carrying a wand of flame (7).
Natasha is nearby!
Found a mace and 14 gold pieces.
Natasha hisses angrily.
Natasha stares at you and mumbles some strange words.
You feel yourself slow down.
Natasha zaps a wand.
The puff of flame misses you. Natasha casts a spell at you.
The magic dart hits you!
You miss Natasha.
Natasha zaps a wand.
The puff of flame hits you! The fire burns you terribly!
You are too injured to fight recklessly!
You are too injured to fight recklessly!
You are too injured to fight recklessly!
You are too injured to fight recklessly!
Unknown command.
You closely miss Natasha. Natasha completely misses you.
You barely miss Natasha. Natasha claws you.
* * * LOW HITPOINT WARNING * * *
Natasha barely misses you.
You hit Natasha but do no damage.
Natasha is poisoned.
Natasha closely misses you.
You hit Natasha.
Natasha looks even sicker.
Natasha is lightly wounded.
Natasha claws you!
* * * LOW HITPOINT WARNING * * *
Natasha barely misses you.
Unknown command.
As you read the scroll labelled JIQAFR XIMUMOIZ, it crumbles to dust.
It is a scroll of identify.
i - a scroll of teleportation;
t - a scroll of teleportation
r - a scroll of identify Natasha mumbles some strange words.
Unknown command.
You hit Natasha but do no damage.
Natasha looks as sick as possible!
Natasha is lightly wounded.
Natasha claws you!
You die...

#.# #<#
################.# #.#
#................# ...
#.#################.#.
###.########### [. .
#.............# ##. .
#.#.###.#####.. ## #
#.#.###.####### .
..##.@.......
..#....h..######
##....##.5>#
#.#.##...# #.#.##...#
$..). ..... .......


You could see Natasha (extremely poisoned) and a crimson imp (summoned).

Vanquished Creatures
  A dart slug (D:1)
  2 bats
  2 endoplasms (D:1)
  A giant cockroach (D:1)
  3 goblins (D:1)
  4 hobgoblins (D:1)
  4 jackals (D:1)
  A quokka (D:1)
  A ball python (D:1)
  2 frilled lizards (D:1)
  3 kobolds (D:1)
  2 rats (D:1)
26 creatures vanquished.

Vanquished Creatures (others)
  A fungus (D:2)
1 creature vanquished.

Grand Total: 27 creatures vanquished

Notes
Turn   | Place    | Note
-------+----------+-------------------------------------------
     0 | D:5      | Flugkiller the Mummy Delver began the quest for the Orb.
     0 | D:5      | Reached XP level 1. HP: 18/18 MP: 1/1
     1 | D:5      | Noticed a jelly
    28 | D:5      | Found a shimmering altar of Xom.
    41 | D:5      | Found an ancient bone altar of Kikubaaqudgha.
    48 | D:5      | Found a burning altar of Makhleb.
    49 | D:5      | Found a basalt altar of Yredelemnul.
    52 | D:5      | Found a snail-covered altar of Cheibriados.
    52 | D:5      | Noticed an iguana
   132 | D:4      | Found a blossoming altar of Fedhas.
   158 | D:4      | Noticed a scorpion
   165 | D:4      | Found a shadowy altar of Dithmenos.
   324 | D:1      | Reached XP level 2. HP: 8/24 MP: 2/2
   845 | D:1      | Gained mutation: You are in touch with the powers of death.
                  | [Mummy growth]
   845 | D:1      | Reached XP level 3. HP: 30/30 MP: 3/3
  1082 | D:2      | Noticed Natasha
  1092 | D:2      | Slain by Natasha

Illustrated notes

Levels and vault maps discovered:
D:1:      psy_arrival_basics, layout_loops_ring
D:2:      layout_loops_ring, shapermc_ecumenical_altar_hornbeckon, uniq_natasha,
          uniq_jessica
D:3:      layout_loops_ring, mainiacjoe_overflow_six_doors_small,
          corexii_leaking_fountain, uniq_sigmund
D:4:      layout_rooms, fedhas_ov_isle_minmay, mainiacjoe_overflow_24_doors,
          mainiacjoe_overflow_cross_hatched
D:5:      layout_cave_pools, minitemple, mainiacjoe_overflow_catwalk,
          minmay_temple_entry_sparse_star, nicolae_ossuary_entry_ruins

Skill      XL: |  1  2  3 |
---------------+----------+-----
Fighting       | 4 |  4.0
Long Blades    | |  1.9
Dodging        | |  1.5
Stealth        | |  4.1

Action                   || total
-------------------------++-------
Melee: Dagger            ||    77
       Falchion          ||     6
       Punch             ||     1
  Use: Scroll            ||     4
 Stab: Sleeping          ||     6
Armor: Leather armour    ||     9
Dodge: Dodged            ||    46

Table legend: (Time is in decaauts)
 A = Elapsed time spent in this place.
 B = Non-inter-level travel time spent in this place.
 C = Inter-level travel time spent in this place.
 D = Time resting spent in this place.
 E = Time spent auto-exploring this place.
 F = Levels seen in this place.
 G = Mean time per level.
                   A        B        C        D        E       F      G
               +--------+--------+--------+--------+--------+-----+--------+
         Total |   1090 |   1030 |     60 |    180 |    507 |   5 |  218.0 |
       Dungeon |   1090 |   1030 |     60 |    180 |    507 |   5 |  218.0 |
               +--------+--------+--------+--------+--------+-----+--------+

Top non-repeatable levels by time:
     D:1: 839 daAuts
     D:4: 101 daAuts
     D:5: 78 daAuts
     D:2: 63 daAuts
     D:3: 6 daAuts
